 Dungeon Crawl Stone Soup version 0.29.1-12-g30fa7ad0bf (webtiles) character file.

Game seed: 11725674142952259886

5251 hawla the Thaumaturge (level 11, -13/83 HPs)
             Began as a Meteoran Ice Elementalist on Jan 5, 2023.
             Was a Believer of Vehumet.
             Mangled by an ogre
             ... wielding a +0 giant club
              (17 damage)
             ... while paralysed by an ogre mage
             ... on level 2 of the Orcish Mines.
             The game lasted 00:24:54 (4668 turns).

hawla the Thaumaturge (Meteoran Ice Elementalist)   Turns: 4668, Time: 00:24:55

Health: -13/83     AC:  5    Str: 10    XL:     11   Next: 15%
Magic:  18/27      EV:  2    Int: 27    God:    Vehumet [**....]
Gold:   512        SH:  0    Dex: 15    Spells: 14/32 levels left

rFire   . . .      SeeInvis .   m - +5 hand axe of the Establishment {freeze, Contam rN+ Stlth+}
rCold   . . .      Faith    .   (no shield)
rNeg    + . .      Spirit   .   a - +0 robe
rPois   .          Reflect  .   k - +1 helmet
rElec   .          Harm     .   (no cloak)
rCorr   .          Rampage  .   (no gloves)
Will    +....                   j - +0 pair of boots
Stlth   +.........              (no amulet)
HPRegen 0.23/turn               c - ring of wizardry
MPRegen 0.20/turn               e - +6 ring of intelligence

@: paralysed, glowing
A: sense surroundings 2, otherworldly, glowing, explore regen
a: Renounce Religion


You were on level 2 of the Orcish Mines.
You worshipped Vehumet.
Vehumet was pleased with you.
You visited 3 branches of the dungeon, and saw 12 of its levels.

You collected 587 gold pieces.
You spent 75 gold pieces at shops.

Inventory:

Hand Weapons
 m - the +5 hand axe of the Establishment (weapon) {freeze, Contam rN+ Stlth+}
   (You found it on level 4 of the Dungeon)

   It freezes those it strikes, dealing additional cold damage.
   It can also slow down cold-blooded creatures.
   rN:        It protects you from negative energy.
   Contam:    It causes magical contamination when unequipped.
   Stlth:     It makes you more stealthy.
Armour
 a - a +0 robe (worn)
 j - a +0 pair of boots (worn)
 k - a +1 helmet (worn)
Jewellery
 c - a ring of wizardry (left hand)
 e - a +6 ring of intelligence (right hand)
 v - a ring of see invisible
 w - a ring of magical power
 x - a ring of magical power
Wands
 l - a wand of flame (1)
 s - a wand of paralysis (8)
Scrolls
 b - a scroll of brand weapon
 d - 4 scrolls of teleportation
 f - 2 scrolls of poison
 t - a scroll of magic mapping
Potions
 g - 2 potions of attraction
 h - 2 potions of haste
 i - 5 potions of curing
 n - 2 potions of flight {unknown}
 o - 2 potions of magic
 p - 2 potions of brilliance {unknown}
 r - a potion of invisibility {unknown}
 z - a potion of lignification {unknown}


   Skills:
 + Level 3.6 Fighting
 + Level 1.0 Axes
 + Level 6.1 Dodging
 - Level 1.4 Stealth
 + Level 11.3 Spellcasting
 + Level 4.7 Conjurations
 + Level 2.3 Translocations
 + Level 4.7 Fire Magic
 + Level 10.6 Ice Magic


You had 14 spell levels left.
You knew the following spells:

 Your Spells              Type           Power      Damage    Failure   Level
a - Freeze                Ice            100%       1d11      1%          1
b - Frozen Ramparts       Ice            100%       1d16      1%          3
c - Hailstorm             Conj/Ice       54%        3d12      1%          4
d - Iskenderun's Mystic   Conj/Tloc      34%        2d8       3%          4
e - Starburst             Conj/Fire      20%        6d7       32%         6

Your spell library contained the following spells:

 Spells                   Type           Power      Damage    Failure   Level
 Scorch                   Fire           80%        2d9       1%          2
 Sandblast                Erth           30%        2d9       1%          1
 Dazzling Flash           Conj/Hex       56%        N/A       1%          3
 Ozocubu's Armour         Ice            64%        N/A       1%          3
 Stone Arrow              Conj/Erth      56%        3d10      1%          3
 Passwall                 Tmut/Erth      12%        N/A       2%          2
 Animate Armour           Summ/Erth      30%        N/A       16%         4
 Lehudib's Crystal Spear  Conj/Erth      14%        10d5      100%        8


Dungeon Overview and Level Annotations

Branches:
Dungeon (9/15) Zot: 1254   Temple (1/1) D:6 Zot: 598     Orc (2/2) D:9 Zot: 651
   Lair: D:8-11         Elf: Orc:2

Altars:
Ashenzari
Cheibriados
Dithmenos
Elyvilon
Fedhas
Gozag
Makhleb
Nemelex Xobeh
Okawaru
Ru
Sif Muna
Vehumet
Wu Jian

Shops:
D:1 [   D:3 ?   Orc:1 =   Orc:2 **

Annotations:
Orc:2 Donald


Innate Abilities, Weirdness & Mutations

You passively map the area around you.
You are easily found by Zot.
You glow in the dark.
You regain HP and MP as you explore.


Message History

You kill the ogre!
Vehumet accepts your kill.
The mystic blast hits the ogre.
The ogre is heavily wounded.
The ogre is knocked back by the mystic blast.
The mystic blast hits the ogre!
The ogre is heavily wounded.
The ogre is knocked back by the mystic blast.
The mystic blast hits the deep troll.
The deep troll is moderately wounded.
The deep troll is knocked back by the mystic blast.
The deep troll slams into the rock wall!
The deep troll is moderately wounded.
The mystic blast hits the two-headed ogre!
The two-headed ogre is severely wounded.
The two-headed ogre is knocked back by the mystic blast.
The mystic blast hits the ogre!!
You kill the ogre!
Vehumet accepts your kill.
You feel your power returning.
You hear a shout! x2
The orc priest looks satisfied for a moment.
A troll comes into view.
The ogre mage points at you and mumbles some strange words.
You easily resist.
Your Axes skill increases to level 1!
Blink to where?
Press: ? - help, Dir - move target
As you read the scroll of blinking, it crumbles to dust.
You suddenly lose the ability to move!
The orc priest looks encouraged for a moment.
The ogre hits you with a +0 giant club!
The ogre hits you with a +0 giant club!!
An orc priest comes into view. It is wielding a +0 flail.
The ogre hits you with a +0 giant spiked club!!
* * * LOW HITPOINT WARNING * * *
Something hits you.
* * * LOW HITPOINT WARNING * * *
The ogre hits you with a +0 giant club!
You die...

, .........#
.o...OTTO##*
*
#...OoTO..##
,
...oOT)OT..#
, ,
.....CO.O..#
,
......OO.T.#
, ,,
,##..#oo{OT.#
,, ,
#####.OOO.#
,, * ##T@.##
, * , #####
### , , , ,*
##.## ###
#...# ,
**##.## ##.##
, , #...#
##.### ## *
##..###
##....###.
... ###..##
#.........
...# *
#####....##
##........


You could see 8 two-headed ogres, an ogre mage, 2 deep trolls, a cyclops, 6
trolls, an orc warrior, 5 ogres, 2 orc priests, an orc wizard and an orc.

Vanquished Creatures
  A two-headed ogre (D:9)
  An orc knight (Orc:2)
  Prince Ribbit (D:5)
  A hornet (D:9)
  A steam dragon (D:9)
  2 wargs
  An acid dragon (D:8)
  8 orc warriors
  A sky beast (D:6)
  7 ogres
  2 centaurs
  A kobold brigand (D:9)
  A phantom (D:6)
  3 bullfrogs
  A necrophage (D:7)
  4 scorpions
  6 killer bees (D:8)
  A howler monkey (D:5)
  A crimson imp (D:7)
  3 quasits (D:4)
  A jelly (D:5)
  3 orc priests
  7 hounds
  An iguana (D:5)
  5 orc wizards
  6 gnolls
  4 adders
  5 shadow imps (D:4)
  3 white imps (D:4)
  4 ufetubi
  A worm (D:4)
  32 orcs
  4 endoplasms
  5 giant cockroaches
  6 hobgoblins
  9 kobolds
  A quokka (D:1)
  6 ball pythons
  4 bats
  2 frilled lizards
  4 goblins
  3 rats
163 creatures vanquished.

Vanquished Creatures (others)
  2 demonic plants (D:4)
2 creatures vanquished.

Grand Total: 165 creatures vanquished

Notes
Turn   | Place    | Note
-------+----------+-------------------------------------------
     0 | D:1      | hawla the Meteoran Ice Elementalist began the quest for the
                  | Orb.
     0 | D:1      | Reached XP level 1. HP: 14/14 MP: 5/5
    51 | D:1      | Found a faded altar of an unknown god.
   168 | D:1      | Reached XP level 2. HP: 20/20 MP: 3/6
   193 | D:1      | Reached skill level 5 in Ice Magic
   219 | D:1      | Found Fegopnapp's Armour Shoppe.
   231 | D:1      | Reached XP level 3. HP: 17/26 MP: 4/8
   490 | D:2      | Learned a level 3 spell: Frozen Ramparts
   519 | D:2      | Reached skill level 3 in Spellcasting
   666 | D:3      | Found Qouwiaf's Magic Scroll Shoppe.
   672 | D:3      | Reached XP level 4. HP: 33/33 MP: 5/10
   677 | D:3      | Bought a scroll of blinking for 75 gold pieces
   768 | D:4      | Learned a level 4 spell: Hailstorm
   964 | D:4      | Reached skill level 4 in Spellcasting
   964 | D:4      | Reached XP level 5. HP: 17/38 MP: 6/12
   977 | D:4      | Reached XP level 6. HP: 25/46 MP: 2/13
  1023 | D:4      | Found a blossoming altar of Fedhas.
  1061 | D:4      | Reached skill level 5 in Spellcasting
  1080 | D:4      | Reached skill level 1 in Conjurations
  1132 | D:5      | Entered Level 5 of the Dungeon
  1184 | D:5      | Reached XP level 7. HP: 51/51 MP: 10/15
  1222 | D:5      | Reached skill level 1 in Fighting
  1315 | D:5      | Reached skill level 6 in Spellcasting
  1320 | D:5      | Learned a level 4 spell: Iskenderun's Mystic Blast
  1327 | D:5      | Reached skill level 1 in Translocations
  1356 | D:5      | Noticed Prince Ribbit
  1360 | D:5      | Killed Prince Ribbit
  1361 | D:5      | Reached XP level 8. HP: 46/59 MP: 9/19
  1366 | D:5      | Reached skill level 7 in Spellcasting
  1516 | D:4      | Identified the +5 hand axe of the Establishment {freeze,
                  | Contam rN+ Stlth+}
  2387 | D:6      | Gained mutation: You passively map the area around you.
                  | [Meteoran growth]
  2387 | D:6      | Reached XP level 9. HP: 58/64 MP: 14/21
  2557 | D:7      | Reached skill level 8 in Spellcasting
  2594 | D:7      | Found a burning altar of Makhleb.
  2594 | D:7      | Found a radiant altar of Vehumet.
  2603 | D:7      | Became a worshipper of Vehumet
  2804 | D:6      | Found an opulent altar of Gozag.
  2861 | D:6      | Found a staircase to the Ecumenical Temple.
  2867 | Temple   | Entered the Ecumenical Temple
  2962 | D:6      | Found a shadowy altar of Dithmenos.
  3705 | D:8      | Reached skill level 9 in Spellcasting
  3839 | D:8      | Reached XP level 10. HP: 75/75 MP: 5/24
  3842 | D:8      | Reached * piety under Vehumet
  3842 | D:8      | Offered knowledge of Foxfire by Vehumet.
  3843 | D:8      | Reached skill level 5 in Dodging
  4004 | D:9      | Noticed a rime drake
  4007 | D:9      | Noticed a rime drake
  4007 | D:9      | Noticed a rime drake
  4008 | D:9      | Noticed a rime drake
  4008 | D:9      | Noticed a rime drake
  4053 | D:9      | Reached skill level 10 in Spellcasting
  4055 | D:9      | Found a snail-covered altar of Cheibriados.
  4098 | D:9      | Found a staircase to the Orcish Mines.
  4100 | D:9      | Identified the +0 ring mail of the Spheres {rElec Str+7
                  | Int-3}
  4101 | D:9      | Noticed a two-headed ogre
  4105 | D:9      | Killed a two-headed ogre
  4106 | D:9      | Reached skill level 10 in Ice Magic
  4125 | D:9      | Learned a level 6 spell: Starburst
  4126 | Orc:1    | Entered Level 1 of the Orcish Mines
  4134 | Orc:1    | Reached skill level 1 in Fire Magic
  4179 | Orc:2    | Entered Level 2 of the Orcish Mines
  4207 | Orc:2    | Noticed an orc knight
  4377 | Orc:2    | Killed an orc knight
  4441 | Orc:2    | Reached skill level 11 in Spellcasting
  4493 | Orc:1    | Reached XP level 11. HP: 63/82 MP: 19/27
  4502 | Orc:1    | Found Runnou's Jewellery Emporium.
  4553 | Orc:1    | Reached ** piety under Vehumet
  4553 | Orc:1    | Offered knowledge of Scorch by Vehumet.
  4656 | Orc:2    | Noticed Donald
  4660 | Orc:2    | Found Noqeoger's General Store.
  4660 | Orc:2    | Found Dasyn's Assorted Antiques.
  4660 | Orc:2    | Noticed a two-headed ogre
  4660 | Orc:2    | Noticed a two-headed ogre
  4660 | Orc:2    | Noticed a two-headed ogre
  4660 | Orc:2    | Noticed a two-headed ogre
  4660 | Orc:2    | Noticed an ogre mage
  4660 | Orc:2    | Noticed a two-headed ogre
  4660 | Orc:2    | Noticed a two-headed ogre
  4660 | Orc:2    | Noticed a deep troll
  4660 | Orc:2    | Noticed a two-headed ogre
  4660 | Orc:2    | Noticed a cyclops
  4660 | Orc:2    | Noticed a two-headed ogre
  4660 | Orc:2    | Noticed a deep troll
  4660 | Orc:2    | Noticed an ogre mage
  4661 | Orc:2    | Noticed a cyclops
  4664 | Orc:2    | Reached skill level 1 in Axes
  4664 | Orc:2    | Paralysed by something for 5 turns
  4667 | Orc:2    | HP: 4/83 [something (6)]
  4668 | Orc:2    | Mangled by an ogre

Illustrated notes

Levels and vault maps discovered:
D:1:      scummos_arrival_gate, layout_loops_ring, serial_shops, shop,
          ebering_ecumenical_altar_webs, st_stairs_13
D:2:      layout_rooms, minmay_misc_feat_iff
D:3:      layout_loops_ring, serial_shops, nicolae_shop_statue_plus,
          nicolae_figureground_sparkle
D:4:      layout_loops_ring, lemuel_crystal_altar, serial_demonic,
          serial_demonic_d, serial_demonic_c, serial_demonic_c,
          serial_demonic_a, serial_demonic_f, serial_demonic_c,
          serial_demonic_c, serial_demonic_a, serial_bayou_pond_d
D:5:      layout_loops_ring, uniq_prince_ribbit1
D:6:      layout_basic, grunt_gozag_breadcrumbs, grunt_dithmenos_smoke,
          temple_green, st_stairs_2, due_unseen_surprise
D:7:      layout_basic, grunt_temple_overflow_holy_war,
          grunt_temple_overflow_lords_of_destruction,
          beargit_hepliaklqana_dungeon_heroes, mainiacjoe_overflow_24_doors
D:8:      layout_basic, solitary_fountain
D:9:      layout_basic, kiku_gazebo_pond_becter, mainiacjoe_overflow_alcove_1,
          old_standard_altar, st_stairs_4, minmay_misc_feat_plants,
          hellmonk_guarded_unrand_zhor
Temple:   nicolae_temple_little_seven
Orc:1:    layout_diamond_mine, serial_shops, shop
Orc:2:    st_orc_open, layout_diamond_mine, mines1_david, uniq_donald

Skill      XL: |  1  2  3  4  5  6  7  8  9 10 11 |
---------------+----------------------------------+-----
Ice Magic      | 5 6 7 8 9 10 | 10.6
Spellcasting   | 3 4 5 6 7 9 11 | 11.3
Dodging        | 3 4 6 |  6.1
Conjurations   | 1 2 3 4 |  4.7
Fighting       | 1 2 3 |  3.6
Translocations | 1 2 |  2.3
Fire Magic     | 4 |  4.7
Axes           | 1 |  1.0
Stealth        | |  1.4

Action                   |  1- 3 |  4- 6 |  7- 9 | 10-12 || total
-------------------------+-------+-------+-------+-------++-------
Melee: Unarmed           |     2 |    21 |       |       ||    23
       Hand axe          |       |       |    78 |    16 ||    94
 Cast: Freeze            |    28 |    18 |    22 |    29 ||    97
       Frozen Ramparts   |     6 |    13 |    21 |    16 ||    56
       Hailstorm         |       |     9 |    21 |    14 ||    44
       Iskenderun's Myst |       |       |     6 |     4 ||    10
       Starburst         |       |       |       |     1 ||     1
  Use: Scroll            |       |     6 |     4 |     5 ||    15
       Potion            |       |     5 |       |       ||     5
Armor: Robe              |    13 |    53 |    37 |    11 ||   114
Dodge: Dodged            |    18 |    75 |    66 |    29 ||   188
